cohdb
Replays
Latest Replays
All Replays
Popular Replays
Top Player Replays
Match Explorer
How It Works
Community
CoH3 Stats
Reddit
Sign in to upload your games and track your stats! →
Sign in with Steam
2v2 with my buddy zaterner
Match 16298466
Overview
Messages
Build Orders
End
Construct Infanterie Kompanie
Selects Luftwaffe Battlegroup
Selects Luftwaffe Pioneer Support
Fallschirmpioneer Squad Paradrop
MG 42 Machine Gun Team
Fallschirmpioneer Squad Paradrop
Construct Panzergrenadier Kompanie
GrW 34 Mortar Team
Selects LG40 Recoilless Gun Paradrop
Panzergrenadier Squad
Selects Stuka Strafing Run
Panzergrenadier Squad
Selects Fallschirmjäger Squad Paradrop
Construct Panzer Kompanie
LG40 Recoilless Gun Paradrop
Panzer IV Medium Tank
Selects Stuka Loiter
Medical Station
Panzer IV Medium Tank
Stuka Loiter
Stoßtruppen Squad
Selects Infantry Reserves
Side Skirts
Stuka Loiter
Stoßtruppen Squad
Stuka Strafing Run
Support Elements
Nebelwerfer 42 Rocket Launcher Team
Stuka Loiter
Pak 40 Anti-tank Gun Team
Panzer IV Medium Tank
Panzer IV Medium Tank
Stuka Loiter
Panzer IV Medium Tank
Panzer Officer Quarters
Stuka Loiter
denny870522
恩恩
silentbreacher
Zaterner
0
0
Comments
sign in to comment!
No comments posted yet!